 Dungeon Crawl Stone Soup version 0.31.0-32-g396128a36d (webtiles) character file.

Game seed: 15436084642266558972

68 PaiMei the Grave Robber (level 4, -7/32 HPs)
             Began as a Demonspawn Necromancer on Mar 30, 2024.
             Mangled by a gnoll
             ... wielding a +0 halberd
              (12 damage)
             ... on level 2 of the Dungeon.
             The game lasted 00:02:13 (1682 turns).

PaiMei the Grave Robber (Demonspawn Necromancer)    Turns: 1682, Time: 00:02:13

Health: -7/32      AC:  2    Str:  9    XL:     4   Next: 1%
Magic:  0/7        EV: 12    Int: 17    God:
Gold:   40         SH:  0    Dex: 13    Spells: 4/8 levels left

rFire   . . .        e - +0 whip
rCold   . . .        (no shield)
rNeg    . . .        a - +0 robe
rPois   .            (helmet restricted)
rElec   .            (no cloak)
rCorr   .            (no gloves)
SInv    .            (no boots)
Will    .....        (no amulet)
Stlth   ++           (no ring)
HPRegen 0.25/turn    (no ring)
MPRegen 0.10/turn

%: no passive effects
@: no status effects
A: antennae 1, demonic magic 1
a: no special abilities


You were on level 2 of the Dungeon.
You visited 1 branch of the dungeon, and saw 2 of its levels.

You collected 40 gold pieces.

Inventory:

Hand Weapons
 e - a +0 whip (weapon)
Armour
 a - a +0 robe (worn)
Scrolls
 d - 3 scrolls of identify {unknown}
 f - a scroll of noise {unknown}
 g - a scroll of revelation {unknown}
 i - a scroll of blinking {unknown}
 j - a scroll of teleportation {unknown}
Potions
 b - a potion of magic
 c - a potion of mutation {unknown}
 h - 2 potions of berserk rage {unknown}


   Skills:
 + Level 1.2 Fighting
 + Level 2.4 Dodging
 - Level 2.0 Stealth
 + Level 2.6 Spellcasting
 + Level 4.9 Necromancy


You had 4 spell levels left.
You knew the following spells:

 Your Spells              Type           Power      Damage    Failure   Level
a - Necrotise             Necr           76%        1d7       2%          1
b - Vampiric Draining     Necr           19%        2d7       7%          3

Your spell library contained the following spells:

 Spells                   Type           Power      Damage    Failure   Level
 Animate Dead             Necr           19%        N/A       24%         4
 Curse of Agony           Necr           19%        N/A       54%         5


Dungeon Overview and Level Annotations

Branches:
Dungeon (2/15)

Altars:


Innate Abilities, Weirdness & Mutations

You have a pair of small antennae on your head.
Spells you cast may paralyse adjacent enemies.


Message History

Press: ? - help, Shift-Dir - straight line, f/p - gnoll
Aim: a gnoll, wielding a +0 halberd (moderately wounded, chance to affect: 84%)
The gnoll writhes in agony.
Malevolent energies surge around you.
Casting: Necrotise (safe; 2% risk of failure)
Confirm with . or Enter, or press ? or * to list all spells.
Aiming: Necrotise (safe; 2% risk of failure)
Press: ? - help, Shift-Dir - straight line, f/p - gnoll
Aim: a gnoll, wielding a +0 halberd (heavily wounded, chance to affect: 84%)
The gnoll writhes in agony.
Malevolent energies surge around you. The gnoll hits you with a +0 halberd!
You closely miss the gnoll.
The gnoll is severely wounded.
The gnoll barely misses you. The gnoll closely misses you.
You hit the gnoll.
The gnoll is severely wounded.
The gnoll hits you with a +0 halberd!
Ouch! That really hurt!
* * * LOW HITPOINT WARNING * * *
You hit the gnoll.
The gnoll is severely wounded.
The gnoll barely misses you.
Casting: Necrotise (safe; 2% risk of failure)
Confirm with . or Enter, or press ? or * to list all spells.
You don't have enough magic to cast this spell.
Casting: Necrotise (safe; 2% risk of failure)
Confirm with . or Enter, or press ? or * to list all spells.
You don't have enough magic to cast this spell.
The gnoll barely misses you. The gnoll attacks as it pursues you!
The gnoll misses you.
Casting: Necrotise (safe; 2% risk of failure)
Confirm with . or Enter, or press ? or * to list all spells.
You don't have enough magic to cast this spell.
Casting: Necrotise (safe; 2% risk of failure)
Confirm with . or Enter, or press ? or * to list all spells.
Aiming: Necrotise (safe; 2% risk of failure)
Press: ? - help, Shift-Dir - straight line, f/p - gnoll
Aim: a gnoll, wielding a +0 halberd (severely wounded, chance to affect: 84%)
The gnoll writhes in agony.
Malevolent energies surge around you.
The gnoll hits you from afar with a +0 halberd!
You die...

)# #.###.####.# #.# .#
.#######).##.# #.# #.#
.#
.........%...####'####)#
g#
##########..........##.#
.g #..........##.## ##
#...........#..##
#........[..#...#
#...........#...#
#......@.g......#
#.#########<#.#.# #.#
......... #. #.#....####
#......# # ######


You could see a gnoll.

Vanquished Creatures
  2 adders (D:2)
  A gnoll (D:2)
  A ribbon worm (D:2)
  6 bats
  4 endoplasms
  2 giant cockroaches (D:1)
  2 goblins
  3 hobgoblins
  A quokka (D:1)
  6 ball pythons (D:1)
  3 kobolds
  3 rats (D:1)
34 creatures vanquished.

Vanquished Creatures (collateral kills)
  An endoplasm (D:1)
1 creature vanquished.

Grand Total: 35 creatures vanquished

Notes
Turn   | Place    | Note
-------+----------+-------------------------------------------
     0 | D:1      | PaiMei the Demonspawn Necromancer began the quest for the
                  | Orb.
     0 | D:1      | Reached XP level 1. HP: 13/13 MP: 3/3
   333 | D:1      | Gained mutation: Spells you cast may paralyse adjacent
                  | enemies. [demonic ancestry]
   333 | D:1      | Reached XP level 2. HP: 19/19 MP: 1/5
  1308 | D:2      | Reached XP level 3. HP: 25/25 MP: 2/6
  1312 | D:2      | Learned a level 3 spell: Vampiric Draining
  1546 | D:2      | Reached skill level 1 in Fighting
  1665 | D:2      | Gained mutation: You have a pair of small antennae on your
                  | head. [demonic ancestry]
  1665 | D:2      | Reached XP level 4. HP: 32/32 MP: 2/7
  1682 | D:2      | Mangled by a gnoll

Illustrated notes

Levels and vault maps discovered:
D:1:      lightli_arrival_statue_moat, layout_loops_ring, serial_bayou,
          serial_bayou_pond_e, serial_bayou_lake_a, serial_bayou_shore_a,
          serial_bayou_ford_a, nicolae_the_louvre
D:2:      minmay_recursive_quarters, layout_basic, hangedman_glass_teeth

Skill      XL: |  1  2  3 |
---------------+----------+-----
Stealth        | 2 |  2.0
Dodging        | 2 |  2.4
Fighting       | 1 |  1.2
Spellcasting   | |  2.6
Necromancy     | |  4.9

Action                     |  1- 3 |  4- 6 || total
---------------------------+-------+-------++-------
  Melee: Unarmed           |     1 |       ||     1
         Whip              |    24 |     3 ||    27
   Cast: Necrotise         |    61 |     4 ||    65
   Stab: Paralysed         |     4 |       ||     4
 Armour: Robe              |    12 |     3 ||    15
  Dodge: Dodged            |    13 |     5 ||    18
